Map: Blackpink LE

Players

iggythefisk

  • Race: Terran Terran
  • Spawn Location: 1:00

SuicideSheep

  • Race: Terran Terran
  • League: Diamond
  • Spawn Location: 7:00

matathemyra

  • Race: Terran Terran

OPquelji

  • Race: Terran Terran
  • League: Diamond

VOD

Have the link to the VOD?

Description

Time

  • Played on: Nov. 20, 2017, 1:41 p.m.
  • Length: 10:22
Show
View Real Time Build Order
Export as new Build Order

iggythefisk Terran 

Build Orders: Bio Tank 

Get SALT Encoding   

  12  0:00  SCV  
  13  0:12  SCV  
  14  0:18  Supply Depot  
  14  0:25  SCV  
  15  0:40  SCV  
  15  0:41  Barracks  
  16  0:52  SCV  
  17  0:57  Refinery  
  17  1:04  SCV  
  18  1:14  Refinery  
  19  1:18  SCV  
  19  1:32  Marine  
  21  1:36  Orbital Command  
  20  1:50  Reaper  
  21  2:05  Command Center  
  21  2:06  SCV  
  22  2:15  Factory  
  22  2:18  SCV  
  23  2:27  Supply Depot  
  23  2:32  Barracks Reactor  
  23  2:50  SCV  
  24  2:54  Barracks  
  24  2:59  Factory Tech Lab  
  24  3:02  SCV  
  25  3:11  Marine x2  
  27  3:14  SCV  
  27  3:17  Orbital Command  
  28  3:21  Siege Tank  
  31  3:28  Marine  
  31  3:29  Marine  
  31  3:33  Starport  
  33  3:40  SCV  
  34  3:43  Barracks Tech Lab  
  34  3:46  Marine x2  
  36  3:52  SCV  
  36  3:53  SCV  
  41  4:04  SCV  
  41  4:05  Stimpack, Marine, SCV, Marauder  
  41  4:06  Marine  
  43  4:10  Supply Depot  
  43  4:15  Supply Depot  
  43  4:16  SCV  
  44  4:19  Medivac  
  46  4:25  Supply Depot  
  46  4:31  Marauder, Marine x2  
  46  4:36  SCV x2  
  46  4:38  Supply Depot  
  50  4:40  Refinery  
  49  4:46  Siege Tank  
  49  4:48  Engineering Bay  
  52  4:56  Marine x2  
  52  4:57  Marauder  
  56  5:00  SCV x2  
  56  5:04  Supply Depot  
  58  5:08  Medivac  
  58  5:12  SCV x2  
  62  5:19  Engineering Bay  
  62  5:23  Supply Depot, Terran Infantry Weapons Level 1  
  62  5:24  SCV  
  62  5:27  SCV  
  64  5:28  Refinery  
  64  5:31  Marine x2  
  64  5:34  Marauder  
  68  5:36  SCV  
  69  5:43  Siege Tank  
  69  5:47  Supply Depot  
  69  5:49  SCV x2  
  70  5:57  Marine x2  
  70  5:58  Marauder  
  70  5:59  Terran Infantry Armor Level 1  
  70  6:01  SCV x2  
  76  6:11  Medivac  
  76  6:13  SCV x2  
  76  6:15  Marine x2  
  82  6:19  Marauder  
  82  6:24  Siege Tank  
  87  6:27  SCV x2  
  89  6:35  Command Center  
  89  6:39  SCV  
  90  6:41  Medivac  
  90  6:42  SCV  
  93  6:51  SCV  
  93  6:52  Marine x2  
  93  6:53  Marauder  
  98  7:00  Combat Shields  
  98  7:04  Siege Tank  
  101  7:08  SCV  
  101  7:13  Supply Depot  
  102  7:16  Supply Depot, SCV  
  102  7:18  Supply Depot  
  103  7:23  SCV  
  103  7:25  Marine x2  
  103  7:26  Marauder  
  103  7:28  SCV  
  109  7:30  Starport Reactor  
  109  7:31  Armory  
  105  7:38  Siege Tank  
  105  7:43  Marine x2  
  110  7:48  Marauder  
  112  8:01  SCV x2  
  112  8:02  Marine x2  
  116  8:06  Supply Depot  
  116  8:09  Marauder  
  116  8:10  Siege Tank  
  116  8:15  SCV  
  116  8:19  Orbital Command  
  116  8:23  Refinery  
  116  8:24  Refinery, Marine x2  
  116  8:25  Medivac x2  
  122  8:30  Marauder, SCV x2  
  126  8:42  SCV  
  126  8:43  Marine x2  
  129  8:52  Marauder  
  129  8:54  Siege Tank  
  129  8:55  SCV  
  135  8:59  Viking  
  135  9:00  Marine  
  135  9:01  Marine  
  139  9:13  Viking  
  139  9:15  SCV x3  
  144  9:25  Marauder, Missile Turret x2, Marine x2  
  144  9:26  Command Center, Siege Tank  
  151  9:32  Barracks  
  151  9:34  Barracks  
  151  9:36  Supply Depot, Barracks  
  151  9:37  Barracks  
  151  9:42  SCV x3  
  154  9:46  Marine x2  
  154  9:52  Supply Depot  
  156  9:53  Marauder  
  156  9:58  Supply Depot  
  150  10:03  Marine  
Show
View Real Time Build Order
Export as new Build Order

SuicideSheep Terran 

Build Orders: Reaper Expand, MMM Bio 

Get SALT Encoding   

  12  0:00  SCV  
  13  0:12  SCV  
  14  0:18  Supply Depot  
  14  0:25  SCV  
  15  0:40  SCV  
  16  0:48  Barracks  
  16  0:54  SCV  
  17  0:59  Refinery  
  17  1:06  SCV  
  18  1:18  SCV  
  19  1:41  Command Center  
  19  1:45  Reaper  
  19  2:07  Orbital Command  
  19  2:12  Supply Depot  
  19  2:24  Barracks Reactor  
  19  2:27  Barracks x2  
  19  2:33  SCV  
  20  2:39  Refinery  
  19  2:45  SCV  
  20  2:52  Bunker  
  20  2:57  SCV  
  21  3:05  Marine x2  
  19  3:09  SCV  
  21  3:21  Barracks Reactor, SCV, Barracks Tech Lab  
  22  3:32  Marine x2  
  21  3:38  Orbital Command  
  21  3:40  SCV  
  22  3:42  Marine  
  23  3:52  SCV  
  23  3:53  Marine x2  
  26  4:04  Factory, SCV  
  26  4:08  SCV  
  28  4:16  SCV  
  29  4:20  SCV  
  29  4:24  Marine x3  
  32  4:25  Marine  
  32  4:28  SCV  
  32  4:30  Marauder  
  37  4:32  SCV  
  37  4:35  Stimpack  
  38  4:40  SCV  
  38  4:47  Supply Depot  
  38  4:48  Marine x3  
  41  4:53  Starport  
  41  4:55  Factory Tech Lab  
  41  5:00  SCV x2  
  43  5:09  Supply Depot  
  43  5:10  Marine x2  
  43  5:12  SCV x2  
  47  5:17  Siege Tank  
  50  5:23  Marine  
  50  5:24  Marauder, SCV  
  54  5:29  Starport Reactor  
  54  5:31  Marine  
  54  5:32  Engineering Bay  
  52  5:49  Starport Reactor  
  52  5:52  Marine x3  
  52  5:53  Marauder, Marine  
  52  5:54  Siege Tank  
  52  5:56  SCV  
  62  6:08  Supply Depot  
  62  6:20  Supply Depot  
  62  6:21  Supply Depot  
  62  6:28  Engineering Bay x2  
  62  6:29  Medivac x2  
  62  6:30  SCV x2  
  68  6:39  Supply Depot, Combat Shields  
  68  6:40  Marine  
  68  6:41  Siege Tank  
  68  6:42  SCV  
  68  6:43  Marine  
  68  6:46  Marine x2  
  76  6:51  Marauder  
  76  6:54  SCV x2  
  80  7:09  Command Center  
  80  7:10  SCV x2  
  82  7:16  Supply Depot  
  82  7:24  Refinery, Marine x2  
  82  7:25  Refinery, Marine x2  
  82  7:29  Siege Tank  
  86  7:39  SCV  
  86  7:40  SCV  
  86  7:43  Marine x3  
  91  7:44  Marine  
  91  7:52  SCV x2  
  92  8:03  Marine x4  
  92  8:04  Marauder, SCV  
  92  8:05  Factory Tech Lab  
  99  8:08  Viking  
  98  8:14  Viking  
  100  8:23  Supply Depot  
  97  8:30  Supply Depot  
  90  8:36  Siege Tank  
  90  8:41  Viking  
  91  8:46  Orbital Command  
  89  8:51  Viking  
  89  8:52  Marine x3  
  89  8:53  Marauder, Marine  
  97  8:59  SCV x2  
  99  9:11  Viking, SCV  
  101  9:21  Viking  
  101  9:22  Missile Turret  
  97  9:35  Marine x2  
  97  9:36  Marine x2  
  97  9:37  Marauder  
  102  9:38  Siege Tank  
  102  9:41  Viking  
  105  9:51  Viking, SCV x3  
  90  10:01  Marine  
  90  10:02  Marine x3  
  90  10:03  SCV x2  
Show
View Real Time Build Order
Export as new Build Order

matathemyra Terran 

Build Orders:  

Get SALT Encoding   

Show
View Real Time Build Order
Export as new Build Order

OPquelji Terran 

Build Orders:  

Get SALT Encoding   

Tags
 
Add a new tag
Caveats
  • Supply blocks, unpowered buildings, or Contaminate may cause inaccurate times.
  • Supply counts are checked every 10 seconds.